 Dungeon Sprint DCSS version 0.21-a0-91-ga5031da (webtiles) character file.

177 Kidiri the Magician (level 5, -11/28 HPs)
             Began as a Deep Elf Fire Elementalist on June 30, 2017.
             Mangled by a chaos spawn (18 damage)
             ... summoned by a kobold demonologist
             ... in the Dungeon (Sprint III: "The Ten Rune Challenge").
             The game lasted 00:02:46 (647 turns).

Kidiri the Magician (Deep Elf Fire Elementalist)     Turns: 647, Time: 00:02:47

Health: -11/28     AC: -4    Str:  5    XL:     5   Next: 31%
Magic:  17/17      EV: 14    Int: 21    God:
Gold:   22         SH:  0    Dex: 15    Spells: 1/19 levels left

rFire    . . .     SeeInvis .     - Unarmed
rCold    . . .     Gourm    .   (no shield)
rNeg     . . .     Faith    .   j - +0 leather armour
rPois    +         Spirit   .   (no helmet)
rElec    .         Reflect  .   (no cloak)
rCorr    .         Harm     .   (no gloves)
MR       .....     NoTele   +   (no boots)
Stlth    ++........             (no amulet)
HPRegen  0.09/turn              (no ring)
MPRegen  0.15/turn              (no ring)

@: corroded, very slightly contaminated
A: frail 1, poison resistance, sturdy frame 1
a: no special abilities


You were in the Dungeon.
You were not hungry.

You visited 1 branch You collected 22 gold pieces.

Inventory:

Armour
 j - a +0 leather armour (worn)
 m - a +1 robe of cold resistance
Scrolls
 i - a scroll of blinking
 k - a scroll of enchant weapon
 l - 2 scrolls of holy word {unknown}
 o - 2 scrolls of remove curse {unknown}
 r - a scroll of recharging {unknown}
Potions
 a - 3 potions of mutation
 d - 2 potions of curing
 f - a potion of haste
 g - 2 potions of magic
 h - a potion of berserk rage
 q - a potion of flight
Books
 b - a book of Flames

   Spells                             Type                      Level
   a - Flame Tongue                   Conjuration/Fire             1
   b - Throw Flame                    Conjuration/Fire             2
   c - Conjure Flame                  Conjuration/Fire             3
   d - Inner Flame                    Hexes/Fire                   3
   e - Sticky Flame                   Conjuration/Fire             4
   f - Fireball                       Conjuration/Fire             5
Comestibles
 c - a bread ration
 p - a royal jelly
 s - 3 fruits


   Skills:
 + Level 2.8 Fighting
 + Level 2.9 Armour
 + Level 5.0 Dodging
 - Level 2.4 Stealth
 + Level 2.9 Unarmed Combat
 * Level 7.8 Spellcasting
 + Level 4.2 Conjurations
 + Level 5.4 Fire Magic


You had one spell level left.
You knew the following spells:

 Your Spells              Type           Power        Failure   Level  Hunger
a - Flame Tongue          Conj/Fire      ####.        1%          1    None
b - Throw Flame           Conj/Fire      ####..       1%          2    None
c - Conjure Flame         Conj/Fire      ####....     3%          3    None
d - Inner Flame           Hex/Fire       ###.....     9%          3    None
e - Sticky Flame          Conj/Fire      ####....     12%         4    ###....
f - Fireball              Conj/Fire      ####......   34%         5    #####..


Dungeon Overview and Level Annotations

Branches:
Dungeon (1/1)

Altars:
Kikubaaqudgha
Sif Muna
Vehumet


Innate Abilities, Weirdness & Mutations

You are frail. (-10% HP)
Your system is resistant to poisons. (rPois)
Your movements are slightly less encumbered by armour. (ER -2)


Message History

Unknown command.
Casting: Sticky Flame
Confirm with . or Enter, or press ? or * to list all spells.
You don't have enough magic to cast that spell.
The chaos spawn burns!
The rust devil hits you! The rust devil corrodes you!
The kobold demonologist gestures wildly while chanting.
There is a radiant altar of Vehumet, spattered with blood here.
Unknown command.
Press < or > to pray at altars.
Casting: Sticky Flame
Confirm with . or Enter, or press ? or * to list all spells.
You don't have enough magic to cast that spell.
Unknown command.
Press < or > to pray at altars.
Magic courses through your body.
The chaos spawn burns!
The kobold demonologist misses you. The rust devil hits you.
* * * LOW HITPOINT WARNING * * *
The rust devil corrodes you!
The crimson imp blinks!
The chaos spawn hits you!!
Ouch! That really hurt!
You die...

.##.##...#..#..###+#+###+
.##.###..##+#..#.........
####.##..###...'.⌠.......
##..##..####...#...######
....##[.###....#.⌠.#
#..##...##.....#...#
..##....#......#5###
.###..##%#.....#445# .#
#.. ####....#@K5# ▓▓ ▓▓▓
▓▓▓▓▓▓▓▓▓▓


You could see a rust devil, a kobold demonologist, a chaos spawn (burning), a
crimson imp, a shadow imp and an ufetubus.

Vanquished Creatures
  A water elemental (D)
  A scorpion (D)
  A wizard (D)
  Jessica (D)
  A human (D)
  3 rats (D)
8 creatures vanquished.

Vanquished Creatures (others)
  2 draconian scorchers (D)
  6 hellions (D)
  A yaktaur (D)
9 creatures vanquished.

Grand Total: 17 creatures vanquished

Notes
Turn   | Place    | Note
-------+----------+-------------------------------------------
     0 | D        | Kidiri the Deep Elf Fire Elementalist began the quest for the Orb.
     0 | D        | Reached XP level 1. HP: 10/10 MP: 6/6
    61 | D        | Noticed Jessica
    65 | D        | Killed Jessica
    65 | D        | Reached skill level 1 in Fighting
    65 | D        | Reached skill level 1 in Armour
    65 | D        | Reached skill level 1 in Unarmed Combat
    65 | D        | Reached skill level 4 in Spellcasting
    65 | D        | Reached XP level 2. HP: 16/16 MP: 3/9
    69 | D        | Learned a level 2 spell: Throw Flame
   109 | D        | Killed a hellion
   109 | D        | Killed a hellion
   109 | D        | Killed a hellion
   111 | D        | Killed a hellion
   143 | D        | Killed a yaktaur
   145 | D        | Killed a hellion
   151 | D        | Reached skill level 5 in Spellcasting
   151 | D        | Reached XP level 3. HP: 5/20 MP: 1/11
   159 | D        | Learned a level 3 spell: Conjure Flame
   163 | D        | Learned a level 3 spell: Inner Flame
   171 | D        | Killed a white draconian scorcher
   172 | D        | Killed a white draconian scorcher
   179 | D        | Killed a hellion
   426 | D        | Noticed a scorpion
   436 | D        | Killed a scorpion
   436 | D        | Reached skill level 6 in Spellcasting
   436 | D        | Reached XP level 4. HP: 26/26 MP: 3/14
   442 | D        | Learned a level 4 spell: Sticky Flame
   529 | D        | Gained mutation: You are frail. (-10% HP) [potion of mutation]
   529 | D        | Gained mutation: Your movements are slightly less encumbered by armour. (ER -2) [potion of mutation]
   529 | D        | Gained mutation: Your system is resistant to poisons. (rPois) [potion of mutation]
   584 | D        | Noticed a water elemental
   588 | D        | Killed a water elemental
   588 | D        | Reached skill level 7 in Spellcasting
   588 | D        | Reached skill level 5 in Fire Magic
   588 | D        | Reached XP level 5. HP: 27/27 MP: 9/16
   638 | D        | Learned a level 5 spell: Fireball
   638 | D        | Found a radiant altar of Vehumet.
   639 | D        | Found a deep blue altar of Sif Muna.
   639 | D        | Found an ancient bone altar of Kikubaaqudgha.
   641 | D        | Reached skill level 5 in Dodging
   642 | D        | Noticed a chaos spawn
   643 | D        | Noticed a rust devil
   647 | D        | Mangled by a chaos spawn

Vault maps used:
D:        dungeon_sprint_mu

Skill      XL: |  1  2  3  4  5 |
---------------+----------------+-----
Fighting       | 1 2 |  2.8
Armour         | 1 2 |  2.9
Dodging        | 3 4 5 |  5.0
Unarmed Combat | 1 2 |  2.9
Spellcasting   | 4 5 6 7 |  7.8
Conjurations   | 2 3 4 |  4.2
Fire Magic     | 4 5 |  5.4
Stealth        | |  2.4

Action                   |  1- 3 |  4- 6 || total
-------------------------+-------+-------++-------
 Cast: Flame Tongue      |    18 |     3 ||    21
       Throw Flame       |     1 |       ||     1
       Conjure Flame     |     1 |     1 ||     2
       Sticky Flame      |       |     2 ||     2
  Use: Scroll            |       |     2 ||     2
       Potion            |       |     3 ||     3
Armor: Leather armour    |       |     1 ||     1
Dodge: Dodged            |     2 |     6 ||     8
